SA
HIGHWOOD HAWKS @ NEBRASKA PLAINSMEN
09/02/2022
 
TOP OF THE 1ST
Highwood Hawks batting - Pitching for Nebraska Plainsmen : RHP Frank Glass
Pitching: RHP Frank Glass
Batting: RHB Oscar Stephens 0-0: Called Strike
0-1: Swinging Strike
0-2: Ball
1-2: Foul Ball, location: 2F
1-2: Ground out 6-3 (Groundball, 6M)
Batting: LHB Perry Bothof 0-0: Called Strike
0-1: Ball
1-1: Ball
2-1: Foul Ball, location: 2F
2-2: Ball
3-2: Strikes out swinging
Batting: LHB Raúl Aguirre 0-0: Ball
1-0: Foul Ball, location: 2F
1-1: Swinging Strike
1-2: Foul Ball, location: 2F
1-2: Ball
2-2: Ball
3-2: Base on Balls
Batting: RHB Derrek Church 0-0: Ball
1-0: Called Strike
1-1: Foul Ball, location: 2F
1-2: Foul Ball, location: 2F
1-2: Ball
2-2: Strikes out swinging
Top of the 1st over - 0 run(s), 0 hit(s), 0 error(s), 1 left on base; Highwood 0 - Nebraska 0
BOTTOM OF THE 1ST
Nebraska Plainsmen batting - Pitching for Highwood Hawks : RHP Enrique Madrid
Pitching: RHP Enrique Madrid
Batting: RHB Bartolo Benítez 0-0: Ball
1-0: Called Strike
1-1: Foul Ball, location: 2F
1-2: Foul Ball, location: 2F
1-2: Foul Ball, location: 2F
1-2: Strikes out swinging
Batting: RHB Young-hwan Hyon 0-0: SINGLE (Line Drive, 7S)
Batting: RHB António Nava 0-0: Ball
Young-hwan Hyon steals 2nd base
1-0: Called Strike
1-1: Foul Ball, location: 2F
1-2: Fly out, F6 (Line Drive, 6)
1-2: Lined into DP, 6-4 (Line Drive, 6)
Bottom of the 1st over - 0 run(s), 1 hit(s), 0 error(s), 0 left on base; Highwood 0 - Nebraska 0
TOP OF THE 2ND
Highwood Hawks batting - Pitching for Nebraska Plainsmen : RHP Frank Glass
Batting: LHB Jeff Rutherford 0-0: Called Strike
0-1: Ground out 1-3 (Groundball, 15)
Batting: RHB Armando García 0-0: Fly out, F9 (Flyball, 9M)
Batting: RHB Pepe Álvarez 0-0: Ball
1-0: Called Strike
1-1: Called Strike
1-2: Ball
2-2: Foul Ball, location: 2F
2-2: SINGLE (Groundball, 6MD)
Batting: SHB Luis Manuel Flores 0-0: Ball
1-0: Called Strike
1-1: Ball
2-1: Foul Ball, location: 2F
2-2: Strikes out swinging
Top of the 2nd over - 0 run(s), 1 hit(s), 0 error(s), 1 left on base; Highwood 0 - Nebraska 0
BOTTOM OF THE 2ND
Nebraska Plainsmen batting - Pitching for Highwood Hawks : RHP Enrique Madrid
Batting: RHB Mike Thompson 0-0: Ball
1-0: Fly out, F9 (Flyball, 9M)
Batting: RHB Dani Trejo 0-0: Called Strike
0-1: Foul Ball, location: 2F
0-2: Ball
1-2: Ground out 2-3 (Groundball, 2L)
Batting: LHB Pedro Gutiérrez 0-0: Called Strike
0-1: Ball
1-1: Ball
2-1: Foul Ball, location: 2F
2-2: Strikes out looking
Bottom of the 2nd over - 0 run(s), 0 hit(s), 0 error(s), 0 left on base; Highwood 0 - Nebraska 0
TOP OF THE 3RD
Highwood Hawks batting - Pitching for Nebraska Plainsmen : RHP Frank Glass
Batting: RHB Geoffrey Broekhuizen 0-0: Called Strike
0-1: Ball
1-1: Fly out, F8 (Line Drive, 8RS)
Batting: RHB Oscar Stephens 0-0: Called Strike
0-1: Ball
1-1: Ball
2-1: Foul Ball, location: 2F
2-2: Fly out, F5 (Line Drive, 5)
Batting: LHB Perry Bothof 0-0: Ball
1-0: Swinging Strike
1-1: Swinging Strike
1-2: Strikes out swinging
Top of the 3rd over - 0 run(s), 0 hit(s), 0 error(s), 0 left on base; Highwood 0 - Nebraska 0
BOTTOM OF THE 3RD
Nebraska Plainsmen batting - Pitching for Highwood Hawks : RHP Enrique Madrid
Batting: RHB Miguel Gómez 0-0: Ball
1-0: Ball
2-0: Called Strike
2-1: Ball
3-1: Foul Ball, location: 2F
3-2: Strikes out swinging
Batting: LHB Alex Willis 0-0: Ball
1-0: Fly out, F9 (Flyball, 9M)
Batting: RHB George St. Clair 0-0: Called Strike
0-1: Foul Ball, location: 2F
0-2: Ball
1-2: Ball
2-2: Ball
3-2: Strikes out swinging
Bottom of the 3rd over - 0 run(s), 0 hit(s), 0 error(s), 0 left on base; Highwood 0 - Nebraska 0
TOP OF THE 4TH
Highwood Hawks batting - Pitching for Nebraska Plainsmen : RHP Frank Glass
Batting: LHB Raúl Aguirre 0-0: Ball
1-0: Fly out, F8 (Flyball, 8LM)
Batting: RHB Derrek Church 0-0: Ball
1-0: Ball
2-0: Ball
3-0: Called Strike
3-1: Called Strike
3-2: Foul Ball, location: 2F
3-2: DOUBLE (Flyball, 8RXD)
Batting: LHB Jeff Rutherford 0-0: Reached on error, E6 (Groundball, 6M)
Derrek Church to third
Batting: RHB Armando García 0-0: Grounds into double play, 4-6-3 (Groundball, 34)
Top of the 4th over - 0 run(s), 1 hit(s), 1 error(s), 1 left on base; Highwood 0 - Nebraska 0
BOTTOM OF THE 4TH
Nebraska Plainsmen batting - Pitching for Highwood Hawks : RHP Enrique Madrid
Batting: RHB Bartolo Benítez 0-0: Called Strike
0-1: Ball
1-1: SINGLE (Line Drive, 56D)
Batting: RHB Young-hwan Hyon 0-0: Ball
1-0: SINGLE (Groundball, 56D)
Bartolo Benítez to second
Batting: RHB António Nava 0-0: Ball
1-0: Ball
2-0: Ball
3-0: Called Strike
3-1: Fly out, F6 (Line Drive, 6)
3-1: Lined into DP, 6-4 (Line Drive, 6)
Batting: RHB Mike Thompson 0-0: Ball
1-0: Ball
2-0: Fielders Choice at 2nd, U6 (Groundball, 6M)
Bottom of the 4th over - 0 run(s), 2 hit(s), 0 error(s), 1 left on base; Highwood 0 - Nebraska 0
TOP OF THE 5TH
Highwood Hawks batting - Pitching for Nebraska Plainsmen : RHP Frank Glass
Batting: RHB Pepe Álvarez 0-0: Ground out 4-3 (Groundball, 4)
Batting: SHB Luis Manuel Flores 0-0: Foul Ball, location: 2F
0-1: Ball
1-1: Called Strike
1-2: Strikes out swinging
Batting: RHB Geoffrey Broekhuizen 0-0: Called Strike
0-1: Ground out 6-3 (Groundball, 6M)
Top of the 5th over - 0 run(s), 0 hit(s), 0 error(s), 0 left on base; Highwood 0 - Nebraska 0
BOTTOM OF THE 5TH
Nebraska Plainsmen batting - Pitching for Highwood Hawks : RHP Enrique Madrid
Batting: RHB Dani Trejo 0-0: Ball
1-0: Swinging Strike
1-1: SINGLE (Line Drive, 6MD)
Batting: LHB Pedro Gutiérrez 0-0: Ball
1-0: Swinging Strike
1-1: Ball
2-1: SINGLE (Groundball, 3S) (infield hit)
Dani Trejo to second
Batting: RHB Miguel Gómez 0-0: Sac Bunt - play at first, batter OUT! 2-4
Dani Trejo to third
Pedro Gutiérrez to second
Batting: LHB Alex Willis 0-0: Ball
1-0: Fly out, F9 (Flyball, 9D)
Runner from 3rd tags up, SCORES, no throw
Pedro Gutiérrez to third
Batting: RHB George St. Clair 0-0: Called Strike
0-1: Called Strike
0-2: Ball
1-2: Foul Ball, location: 2F
1-2: Foul Ball, location: 2F
1-2: Ball
2-2: Strikes out looking
Bottom of the 5th over - 1 run(s), 2 hit(s), 0 error(s), 1 left on base; Highwood 0 - Nebraska 1
TOP OF THE 6TH
Highwood Hawks batting - Pitching for Nebraska Plainsmen : RHP Frank Glass
Batting: RHB Oscar Stephens 0-0: Ball
1-0: Called Strike
1-1: Ground out 5-3 (Groundball, 56)
Batting: LHB Perry Bothof 0-0: Ball
1-0: Ball
2-0: Called Strike
2-1: Called Strike
2-2: Strikes out swinging
Batting: LHB Raúl Aguirre 0-0: Ball
1-0: Ball
2-0: Ground out 4-3 (Groundball, 4M)
Top of the 6th over - 0 run(s), 0 hit(s), 0 error(s), 0 left on base; Highwood 0 - Nebraska 1
BOTTOM OF THE 6TH
Nebraska Plainsmen batting - Pitching for Highwood Hawks : RHP Enrique Madrid
Batting: RHB Bartolo Benítez 0-0: Ball
1-0: Reached on error, E5 (Groundball, 5S)
Batting: RHB Young-hwan Hyon 0-0: Ground out 1-3 (Groundball, 13)
Bartolo Benítez to third
Batting: RHB António Nava 0-0: Foul Ball, location: 2F
0-1: Foul Ball, location: 2F
0-2: Foul Ball, location: 2F
0-2: Ball
1-2: Foul Ball, location: 2F
1-2: Ground out 4-3 (Groundball, 4M)
Batting: RHB Mike Thompson 0-0: Ball
1-0: Fly out, F8 (Flyball, 8RS)
Bottom of the 6th over - 0 run(s), 0 hit(s), 1 error(s), 1 left on base; Highwood 0 - Nebraska 1
TOP OF THE 7TH
Highwood Hawks batting - Pitching for Nebraska Plainsmen : RHP Frank Glass
Batting: RHB Derrek Church 0-0: Ground out 4-3 (Groundball, 4M)
Batting: LHB Jeff Rutherford 0-0: Ground out U3 (Groundball, 3)
Batting: RHB Armando García 0-0: Foul Ball, location: 2F
0-1: Ball
1-1: Hit by Pitch
Pinch Hitting: LHB Jim Unknown 0-0: Called Strike
0-1: Ball
1-1: SINGLE (Line Drive, 4MD)
Armando García to second
Runner from 2nd tries for 3rd, SAFE, throw made to third
Pinch Hitting: SHB Jim Unknown 0-0: Ball
1-0: Called Strike
1-1: Ground out 4-3 (Groundball, 34)
Top of the 7th over - 0 run(s), 1 hit(s), 0 error(s), 2 left on base; Highwood 0 - Nebraska 1
BOTTOM OF THE 7TH
Nebraska Plainsmen batting - Pitching for Highwood Hawks : RHP Enrique Madrid
Now at 3B: José Vela
Now in RF: Jim Unknown
Batting: RHB Dani Trejo 0-0: Swinging Strike
0-1: Ball
1-1: Swinging Strike
1-2: Strikes out swinging
Batting: LHB Pedro Gutiérrez 0-0: Called Strike
0-1: Called Strike
0-2: Ball
1-2: Ball
2-2: Ball
3-2: Strikes out looking
Batting: RHB Miguel Gómez 0-0: Swinging Strike
0-1: Ball
1-1: Ball
2-1: Foul Ball, location: 2F
2-2: Foul Ball, location: 2F
2-2: Strikes out swinging
Bottom of the 7th over - 0 run(s), 0 hit(s), 0 error(s), 0 left on base; Highwood 0 - Nebraska 1
TOP OF THE 8TH
Highwood Hawks batting - Pitching for Nebraska Plainsmen : RHP Frank Glass
Now at C: Juan Suárez
Batting: RHB Geoffrey Broekhuizen 0-0: Called Strike
0-1: Swinging Strike
0-2: Ball
1-2: Ball
2-2: Foul Ball, location: 2F
2-2: Fly out, F8 (Flyball, 8LM)
Batting: RHB Oscar Stephens 0-0: Called Strike
0-1: Fly out, F3 (Popup, 13S)
Batting: LHB Perry Bothof 0-0: Fly out, F7 (Flyball, 7M)
Top of the 8th over - 0 run(s), 0 hit(s), 0 error(s), 0 left on base; Highwood 0 - Nebraska 1
BOTTOM OF THE 8TH
Nebraska Plainsmen batting - Pitching for Highwood Hawks : RHP Enrique Madrid
Batting: LHB Alex Willis 0-0: Ground out U3 (Groundball, 3)
Batting: RHB George St. Clair 0-0: Ball
1-0: Called Strike
1-1: Swinging Strike
1-2: Foul Ball, location: 2F
1-2: Ball
2-2: SINGLE (Groundball, 56D)
Pitching: RHP Donald Burton
Pinch Hitting: RHB Ricardo Baraja 0-0: Ball
1-0: Ball
2-0: Grounds into double play, 4-6-3 (Groundball, 4)
Bottom of the 8th over - 0 run(s), 1 hit(s), 0 error(s), 0 left on base; Highwood 0 - Nebraska 1
TOP OF THE 9TH
Highwood Hawks batting - Pitching for Nebraska Plainsmen : RHP Frank Glass
Pitching: RHP Jim Unknown
Now at 2B: Manny Rodríguez
Batting: LHB Raúl Aguirre 0-0: Ball
1-0: Ball
2-0: Ball
3-0: Called Strike
3-1: Base on Balls
Pinch Hitting: RHB Luis Jelarde 0-0: Ball
1-0: Called Strike
1-1: Foul Ball, location: 2F
1-2: Strikes out swinging
Batting: LHB Jeff Rutherford 0-0: Ball
1-0: Foul Ball, location: 2F
1-1: Swinging Strike
1-2: Strikes out swinging
Batting: RHB Armando García 0-0: Called Strike
0-1: Swinging Strike
0-2: Strikes out swinging
Top of the 9th over - 0 run(s), 0 hit(s), 0 error(s), 1 left on base; Highwood 0 - Nebraska 1
This league is powered by Out of the Park Baseball, the baseball management simulation game for PC, Mac and Linux
Friday, April 15th, 2016 - OOTP Baseball 16.9 Build 39